AoeStats
← tavoo

MegaRandom

509036907Analyzed
4v4 RM · 8d ago on Sep 25, 2026· 31m 13s· 8 players
Game mode
Random Map
Map size
Large (8 player)
Population
200
Speed
Normal
Resources
Standard
Victory
Conquest
Starting age
Dark Age
Ending age
Imperial Age
RankedLock teamsTeams togetherTeam positionsShared explorationLock speedFull tech treeHidden civsTurbo modeCheats
Victory
Defeat
🇲🇽 Vietnamese · Mexico
1117
+15
🇺🇸 Danes · United States
1073
+17
🇲🇽 Varangians · Mexico
1061
+18
🇨🇴 Huns · Colombia
1023
+19
🇺🇸 Saxons · United States
1173
-20
🇨🇳 Franks · China
1095
-17
🇺🇸 Varangians · United States
1086
-17
🇮🇳 Maya · India
1049
-15
Spicy Meatball
0:51 Loom
10:33 Feudal Age
14:53 Castle Age
16:54 Double-Bit Axe
19:41 Horse Collar
23:03 Heavy Plow
24:36 Scale Mail Armor
26:02 Chain Mail Armor
27:23 Bow Saw
27:37 Forging
28:56 Wheelbarrow
28:56 Pikeman
31:41 Iron Casting
31:03 Arson
31:20 Squires
31:06 Gambesons
tavoo
0:34 Loom
8:40 Feudal Age
9:12 Double-Bit Axe
10:23 Wheelbarrow
14:00 Fletching
21:03 Castle Age
20:57 Padded Archer Armor
21:19 Stone Mining
21:22 Gold Mining
21:06 Crossbowman
22:12 Bodkin Arrow
27:02 Ballistics
27:38 Town Watch
28:51 Horse Collar
Dorek xD
11:29 Feudal Age
12:35 Loom
18:18 Castle Age
21:59 Forging
Lord_Tarritou
8:58 Feudal Age
7:35 Loom
9:32 Feudal Age
13:14 Bloodlines
16:42 Forging
16:21 Horse Collar
16:27 Double-Bit Axe
17:38 Scale Barding Armor
21:47 Wheelbarrow
20:57 Town Watch
25:23 Castle Age
26:43 Iron Casting
26:28 Chain Barding Armor
26:45 Husbandry
浮槎万里获星河
10:02 Feudal Age
8:35 Loom
17:09 Castle Age
15:12 Double-Bit Axe
17:46 Stone Mining
26:30 Husbandry
26:38 Scale Barding Armor
28:00 Husbandry
30:07 Forging
Winston Smokehill
4:59 Loom
11:43 Feudal Age
12:45 Horse Collar
13:37 Horse Collar
13:48 Double-Bit Axe
16:42 Castle Age
18:06 Forging
18:41 Bloodlines
18:32 Husbandry
18:55 Bloodlines
20:56 Scale Barding Armor
21:59 Elite Skirmisher
24:54 Bow Saw
26:15 Wheelbarrow
25:50 Heavy Plow
26:13 Husbandry
30:38 Iron Casting
31:21 Chain Barding Armor
tbird
0:39 Loom
8:15 Feudal Age
10:08 Double-Bit Axe
10:06 Man-at-Arms
13:15 Forging
14:59 Horse Collar
24:02 Castle Age
23:22 Scale Mail Armor
23:54 Arson
24:54 Squires
24:14 Long Swordsman
25:06 Fletching
25:18 Padded Archer Armor
25:46 Gambesons
29:43 Wheelbarrow
f4k3gamer
0:41 Loom
10:05 Feudal Age
14:37 Castle Age
12:58 Double-Bit Axe
13:28 Horse Collar
14:51 Wheelbarrow
17:33 Elite Skirmisher
18:07 Fletching
20:05 Bodkin Arrow
25:08 Ballistics
26:55 Hand Cart
Connection lost

Rejoining the realm…

Still unreachable

The connection could not be restored.

Session expired

The server has moved on; the page needs a fresh start.